 Dungeon Crawl Stone Soup version 0.17-a0-974-ga95afb0 (webtiles) character file.

84875 qauru the Black Belt (level 15, -1/123 HPs)
             Began as a Demonspawn Monk on May 10, 2015.
             Was an Elder of Okawaru.
             Slain by an orc warrior
             ... wielding a +0 dire flail
              (22 damage)
             ... on level 4 of the Orcish Mines.
             The game lasted 01:37:58 (33823 turns).

qauru the Black Belt (Demonspawn Monk)             Turns: 33823, Time: 01:37:58

Health: -1/123     AC: 26    Str: 15    XL:     15   Next: 36%
Magic:  15/15      EV: 19    Int: 12    God:    Okawaru [****..]
Gold:   966        SH:  0    Dex: 20    Spells: 0 memorised, 14 levels left

rFire  + + .     SeeInvis .       - Unarmed
rCold  + + +     Clarity  .     t - +5 ring mail {rC+}
rNeg   . . .     SustAb   .     (no shield)
rPois  .         Gourm    .     r - +0 hat
rElec  .         Spirit   .     F - +1 cloak {+Inv}
rCorr  .         Warding  .     I - +2 pair of gloves
rMut   .         Stasis   .     (no boots)
MR     ++...                    e - amulet of regeneration
Stlth  +++++.....               G - ring "Esauri" {rF+ rC+ MR+ Str+2}
                                a - ring of protection from fire

@: about to teleport, drained, very resistant to hostile enchantments, quite
stealthy
A: hooves 2, iridescent scales 3, cold resistance 1, nightstalker 2, sense
surroundings 1
a: Heroism, Renounce Religion, Evoke Invisibility


You were on level 4 of the Orcish Mines.
You worshipped Okawaru.
Okawaru was greatly pleased with you.
You were full.

You visited 3 branches of the dungeon, and saw 22 of its levels.
You also visited: Ice Cave.

You collected 2638 gold pieces.
You spent 1672 gold pieces at shops.

Inventory:

Armour
 r - a +0 hat (worn)
 t - a +5 ring mail of cold resistance (worn)
 F - a +1 cloak of invisibility (worn)
 I - a +2 pair of gloves (worn)
Jewellery
 a - a ring of protection from fire (left hand)
 e - an amulet of regeneration (around neck)
 l - an uncursed amulet of resist mutation
 B - an uncursed amulet of stasis
 G - the ring "Esauri" (right hand) {rF+ rC+ MR+ Str+2}
   (You bought it in a shop on level 1 of the Orcish Mines)

   [ring of protection from cold]

   It affects your strength (+2).
   It protects you from fire.
   It protects you from cold.
   It affects your resistance to hostile enchantments.
Magical devices
 m - a wand of draining (9)
 p - a wand of fireball (12)
Scrolls
 c - 4 scrolls of teleportation
 i - 8 scrolls of remove curse
 k - 4 scrolls of immolation
 o - 4 scrolls of blinking
 q - 5 scrolls of magic mapping
 s - 3 scrolls of recharging
 y - 4 scrolls of fog
 A - 2 scrolls of fear
 E - 2 scrolls of enchant armour
Potions
 d - 2 potions of magic
 f - a potion of haste {unknown}
 g - 10 potions of curing
 j - 3 potions of heal wounds
 u - 2 potions of resistance
 x - a potion of might
 z - 3 potions of agility
 C - 4 potions of flight
 H - a potion of cancellation
Books
 w - a book of Annihilations {highlevel, unknown}

   This book is beyond your current level of understanding.

   Spells                             Type                      Level
   a - Poison Arrow                   Conjuration/Poison           6
   b - Chain Lightning                Conjuration/Air              8
   c - Lehudib's Crystal Spear        Conjuration/Earth            8
   d - Glaciate                       Conjuration/Ice              9
   e - Fire Storm                     Conjuration/Fire             9
Comestibles
 b - 14 bread rations
 n - 4 meat rations


   Skills:
 - Level 13.0(12.4) Fighting
 - Level 10.1(9.6) Armour
 - Level 11.2(10.6) Dodging
 + Level 6.8(6.3) Stealth
 - Level 16.0(15.4) Unarmed Combat
 - Level 1.0(0.6) Invocations


You had 14 spell levels left.
You didn't know any spells.

Dungeon Overview and Level Annotations

Branches:
Dungeon (10/15)            Temple (0/1) D:6            Lair (8/8) D:10
  Swamp (0/4) Lair:6       Spider (0/4) Lair:4        Slime (0/6) Lair:8
    Orc (4/4) D:10            Elf (0/3) Orc:3

Altars:
Ashenzari
Fedhas
Gozag
Makhleb
Nemelex Xobeh
Okawaru
Trog
Vehumet
Xom
Zin
The Shining One
Beogh

Shops:
D:6 (   D:9 !   Orc:1 [=   Orc:3 [   Orc:4 =

Annotations:
D:9 Erolcha


Innate Abilities, Weirdness & Mutations

You have hoof-like feet.
You are completely covered in iridescent scales (AC +8).
Your flesh is cold resistant.
You are significantly more attuned to the shadows.
You passively map a small area around you.


Message History

The orc knight misses you.
Your ring mail prevents you from hitting the orc warrior.
You kick the orc warrior, but do no damage.
The orc warrior is severely wounded.
The orc priest misses you.
The orc warrior hits you with a dire flail!
The orc warrior hits you but does no damage.
You hit the orc warrior.
You kick the orc warrior, but do no damage.
You punch the orc warrior, but do no damage.
The orc warrior is almost dead.
The orc knight hits you with a dire flail!
* * * LOW HITPOINT WARNING * * *
Read which item? (? for menu, Esc to quit)
As you read the scroll of teleportation, it crumbles to dust.
You feel strangely unstable.
The orc priest hits you from afar with a trident.
* * * LOW HITPOINT WARNING * * *
The orc warrior hits you with a dire flail!!
You die...

..#.## ##....###.###.#.##
..#).## #.)....#...#.....#
......## #..)...#...#..#.##
.......# ##†.).........###
......)####### #.)......∩..##
...)......##.#####)#..).....##
...)P..).......#)#o.....)..).##
.......##......†ooo....)[..[[.#
......###....#)#@#.#...))#...##
.....## ##..########...##)...#
.÷..## ##.## #..oo.##..## ...(#
#...# ###.o.###### .#.## ##.##
##..oo.).## #### ###
#..#...#..# ..## ##.........##
...# #...#...#...# ...###
##...........##


You could see an orc knight, 2 orc warriors and an orc priest (frenzied).

Vanquished Creatures
  Rupert (Lair:5)
  Maud (Lair:8)
  A stone giant (Orc:1)
  Nessos (Lair:5)
  6 dire elephants (Lair:8)
  The ghost of Boomshaker the Destroyer, a powerful DEFE of Vehumet (Lair:6)
  Snorg (Orc:2)
  8 hydras
  Harold (Orc:1)
  An anaconda (Lair:8)
  An ogre mage (Orc:4)
  An orc high priest (Orc:4)
  Urug (Lair:2)
  3 ice devils (IceCv)
  An unseen horror (D:10)
  2 ice statues (IceCv)
  5 orc knights
  Pikel (D:9)
  A hill giant (D:10)
  2 oklob plants (Lair:8)
  2 wolf spiders (Lair:4)
  2 griffons
  2 orc sorcerers (Orc:3)
  7 black mambas
  8 elephants
  Joseph (D:9)
  3 fire drakes
  16 spiny frogs
  14 komodo dragons
  A troll (Orc:1)
  2 polar bears (Lair:7)
  2 jumping spiders (Lair:4)
  7 blue devils (IceCv)
  Grinder (D:5)
  A two-headed ogre (Orc:4)
  31 blink frogs
  A spriggan (D:7)
  Sigmund (D:6)
  6 basilisks
  61 yaks
  A deep elf mage (D:9)
  A wyvern (Lair:7)
  9 hippogriffs
  Grum (D:8)
  20 wolves
  16 wargs
  6 water moccasins
  Menkaure (D:4)
  11 swamp worms (Lair:7)
  12 porcupines
  36 orc warriors
  A spider (Lair:4)
  A phantom (D:8)
  A black bear (D:10)
  A slave (D:9)
  16 crocodiles
  12 ogres
  2 centaurs (D:8)
  20 giant frogs
  16 killer bees
  4 scorpions
  2 crimson imps
  A giant frog zombie (D:8)
  15 two-headed ogre zombies (Orc:3)
  24 orc wizards
  Ijyb (D:2)
  2 centaur skeletons
  2 jellies (D:10)
  2 hounds (D:7)
  31 orc priests
  11 iguanas
  5 worker ants
  28 sheep
  A hound zombie (D:8)
  A hound skeleton (D:9)
  4 gnolls (D:5)
  63 river rats
  18 adders
  2 shadow imps
  18 white imps
  3 ufetubi (IceCv)
  2 oozes
  10 worms
  207 orcs
  13 bats
  8 giant cockroaches
  22 hobgoblins
  16 jackals
  16 kobolds
  3 giant geckos
  10 giant newts
  23 goblins
  6 quokkas
  A quokka zombie (D:7)
  17 rats
  9 plants
994 creatures vanquished.

Vanquished Creatures (others)
  A centaur (D:8)
  2 white imps (IceCv)
  6 ufetubi (IceCv)
  2 orcs
  A jackal (D:8)
  20 fungi
  5 plants (Lair:8)
37 creatures vanquished.

Grand Total: 1031 creatures vanquished

Notes
Turn   | Place    | Note
--------------------------------------------------------------
     0 | D:1      | qauru, the Demonspawn Monk, began the quest for the Orb.
     0 | D:1      | Reached XP level 1. HP: 18/18 MP: 1/1
    35 | D:1      | Reached skill level 4 in Unarmed Combat
    41 | D:1      | Gained mutation: You are partially covered in iridescent scales (AC +4). [demonic ancestry]
    41 | D:1      | Reached XP level 2. HP: 24/24 MP: 2/2
   342 | D:1      | Reached XP level 3. HP: 25/29 MP: 3/3
   932 | D:2      | Noticed Ijyb
   956 | D:2      | Killed Ijyb
   956 | D:2      | Reached skill level 5 in Unarmed Combat
   956 | D:2      | Gained mutation: You are mostly covered in iridescent scales (AC +6). [demonic ancestry]
   956 | D:2      | Reached XP level 4. HP: 26/35 MP: 4/4
  1526 | D:2      | Found a sparkling altar of Nemelex Xobeh.
  1914 | D:3      | Found a shattered altar of Ashenzari.
  2058 | D:3      | Reached XP level 5. HP: 35/41 MP: 5/5
  2066 | D:3      | Found a burning altar of Makhleb.
  2094 | D:3      | Found a glowing golden altar of the Shining One.
  2324 | D:3      | Reached skill level 6 in Unarmed Combat
  2371 | D:3      | Found an iron altar of Okawaru.
  2371 | D:3      | Found an opulent altar of Gozag.
  2381 | D:3      | Became a worshipper of Warmaster Okawaru
  2381 | D:3      | Acquired Okawaru's first power
  2578 | D:4      | Noticed Menkaure
  2589 | D:4      | Killed Menkaure
  2589 | D:4      | Gained mutation: You are slightly more attuned to the shadows. [demonic ancestry]
  2589 | D:4      | Reached XP level 6. HP: 47/47 MP: 3/6
  2658 | D:4      | Reached skill level 1 in Invocations
  3162 | D:4      | Reached skill level 7 in Unarmed Combat
  3308 | D:4      | Noticed an ogre
  3311 | D:4      | Killed an ogre
  3419 | D:5      | Entered Level 5 of the Dungeon
  3584 | D:5      | Reached skill level 8 in Unarmed Combat
  3584 | D:5      | Gained mutation: You are completely covered in iridescent scales (AC +8). [demonic ancestry]
  3584 | D:5      | Reached XP level 7. HP: 52/52 MP: 4/7
  3615 | D:5      | Noticed Grinder
  3621 | D:5      | Killed Grinder
  3814 | D:5      | Reached skill level 9 in Unarmed Combat
  3941 | D:5      | Gained mutation: You have large cloven feet. [demonic ancestry]
  3941 | D:5      | Reached XP level 8. HP: 55/58 MP: 8/8
  4188 | D:6      | Found a staircase to the Ecumenical Temple.
  4196 | D:6      | Found Gakuda's Antique Weapon Shoppe.
  4837 | D:6      | Reached skill level 10 in Unarmed Combat
  4872 | D:6      | Noticed Sigmund
  4880 | D:6      | Killed Sigmund
  5206 | D:7      | Reached skill level 5 in Fighting
  5248 | D:7      | Gained mutation: You are significantly more attuned to the shadows. [demonic ancestry]
  5248 | D:7      | Reached XP level 9. HP: 57/71 MP: 9/9
  5885 | D:7      | Noticed an orc knight
  6043 | D:7      | Killed an orc knight
  6043 | D:7      | Acquired Okawaru's second power
  6043 | D:7      | Reached skill level 10 in Fighting
  6598 | D:7      | Reached XP level 10. HP: 16/85 MP: 8/10
  6731 | D:7      | Received a gift from Okawaru
  6992 | D:7      | Reached skill level 5 in Dodging
  7565 | D:7      | Found a blossoming altar of Fedhas.
  7590 | D:7      | Found a glowing silver altar of Zin.
  7853 | D:8      | Noticed Grum
  8097 | D:8      | Killed Grum
  8405 | D:8      | Found a shimmering altar of Xom.
  9207 | D:9      | Found Cichy's Distillery.
  9217 | D:9      | Bought a potion of agility for 44 gold pieces
  9217 | D:9      | Bought 2 potions of agility for 88 gold pieces
  9217 | D:9      | Bought a potion of heal wounds for 55 gold pieces
  9217 | D:9      | Bought a potion of flight for 33 gold pieces
  9217 | D:9      | Bought 2 potions of curing for 66 gold pieces
  9536 | D:9      | Noticed Erolcha
  9760 | D:9      | Noticed Joseph
  9781 | D:9      | Killed Joseph
  9781 | D:9      | Gained mutation: Your flesh is cold resistant. [demonic ancestry]
  9781 | D:9      | Reached XP level 11. HP: 68/90 MP: 11/11
  9863 | D:9      | Noticed Pikel
  9874 | D:9      | Killed Pikel
 10048 | D:10     | Entered Level 10 of the Dungeon
 10180 | D:10     | Noticed a hill giant
 10189 | D:10     | Killed a hill giant
 10189 | D:10     | Reached skill level 10 in Dodging
 10250 | D:10     | Found a staircase to the Lair.
 10339 | D:10     | Reached skill level 1 in Armour
 10373 | D:10     | Found a staircase to the Orcish Mines.
 10935 | D:10     | Killed an unseen horror
 11405 | Lair:1   | Entered Level 1 of the Lair of Beasts
 11437 | Lair:1   | Reached skill level 5 in Armour
 12496 | Lair:1   | Reached XP level 12. HP: 85/97 MP: 12/12
 12623 | Lair:1   | Received a gift from Okawaru
 12633 | Lair:1   | Got a brightly glowing scale mail {god gift}
 12644 | Lair:1   | Identified the +1 scale mail of the Ant {Str+2 Slay+4} (Okawaru gifted it to you on level 1 of the Lair of Beasts)
 13533 | Lair:2   | Reached skill level 10 in Armour
 13983 | Lair:2   | Noticed Urug
 14001 | Lair:2   | Killed Urug
 14241 | Lair:2   | Noticed a five-headed hydra
 14256 | Lair:2   | Killed a five-headed hydra
 14256 | Lair:2   | Reached skill level 11 in Unarmed Combat
 14679 | Lair:2   | Found a radiant altar of Vehumet.
 15823 | Lair:3   | Reached skill level 12 in Unarmed Combat
 16128 | Lair:3   | Noticed a six-headed hydra
 16134 | Lair:3   | Killed a six-headed hydra
 16134 | Lair:3   | Reached XP level 13. HP: 103/103 MP: 10/13
 17464 | Lair:3   | Reached skill level 13 in Unarmed Combat
 18046 | Lair:4   | Found a shattered altar of Ashenzari.
 18437 | Lair:4   | Received a gift from Okawaru
 18514 | Lair:4   | Found a hole to the Spider Nest.
 19557 | Lair:4   | Gained mutation: You passively map a small area around you. [potion of beneficial mutation]
 20312 | Lair:5   | Reached skill level 14 in Unarmed Combat
 20761 | Lair:5   | Noticed Rupert
 20780 | Lair:5   | Killed Rupert
 20780 | Lair:5   | Received a gift from Okawaru
 21023 | Lair:5   | Noticed Nessos
 21034 | Lair:5   | Killed Nessos
 21700 | Lair:6   | Found a staircase to the Swamp.
 22112 | Lair:6   | Noticed Boomshaker's ghost (powerful DEFE)
 22185 | Lair:6   | Killed Boomshaker's ghost
 22185 | Lair:6   | Gained mutation: You have hoof-like feet. [demonic ancestry]
 22185 | Lair:6   | Reached XP level 14. HP: 96/115 MP: 14/14
 22616 | Lair:6   | Received a gift from Okawaru
 23214 | Lair:7   | Found a frozen archway.
 23269 | IceCv    | Entered an ice cave
 23648 | IceCv    | Reached skill level 15 in Unarmed Combat
 24782 | Lair:7   | Noticed Maud
 25801 | Lair:8   | Entered Level 8 of the Lair of Beasts
 26092 | Lair:7   | Received a gift from Okawaru
 26431 | Lair:8   | Found a staircase to the Slime Pits.
 26454 | Lair:8   | Reached skill level 16 in Unarmed Combat
 27695 | Lair:8   | Killed Maud
 28554 | Lair:8   | Received a gift from Okawaru
 29461 | Lair:8   | Reached XP level 15. HP: 114/123 MP: 15/15
 29953 | Orc:1    | Entered Level 1 of the Orcish Mines
 30038 | Orc:1    | Found Foiprash's Jewellery Shop.
 30044 | Orc:1    | Bought the ring "Esauri" {rF+ rC+ MR+ Str+2} for 732 gold pieces
 30312 | Orc:2    | Found a bloodstained altar of Trog.
 30616 | Orc:1    | Noticed Harold
 30623 | Orc:1    | Killed Harold
 30656 | Orc:1    | Found Fapti's Armour Boutique.
 30955 | Orc:2    | Noticed Snorg
 30966 | Orc:2    | Killed Snorg
 31621 | Orc:3    | You fall through a shaft!
 31621 | Orc:4    | Entered Level 4 of the Orcish Mines
 31698 | Orc:4    | Found a roughly hewn altar of Beogh.
 31796 | Orc:4    | Reached skill level 5 in Stealth
 31898 | Orc:3    | Found Fuawk's Antique Armour Boutique.
 31901 | Orc:3    | Bought a glowing cloak for 117 gold pieces
 31901 | Orc:3    | Bought a pair of glowing gloves for 117 gold pieces
 32533 | Orc:3    | Found a staircase to the Elven Halls.
 33242 | Orc:4    | Found Widunkad's Jewellery Shop.
 33290 | Orc:4    | Bought an uncursed amulet of regeneration for 420 gold pieces
 33823 | Orc:4    | Slain by an orc warrior

Vault maps used:
D:1:      dpeg_arrival_tiny_h, nrook_mini_backslash, minmay_ruptured
D:2:      nemelex_lonely_heart_becter, uniq_iyjb
D:3:      grunt_temple_overflow_open, lemuel_crystal_altar,
          lemuel_crystal_altar, first_bread, ashenzari_altar_1
D:4:      uniq_menkaure
D:5:      uniq_grinder
D:6:      minmay_temple_entry_overgrown, serial_shops, shop, uniq_sigmund
D:7:      lemuel_castle_with_subvaults, nicolae_overflow_hidden_temple,
          hangedman_decor_points, the_bakery, fedhas_altar_1
D:8:      xom_confusion_cloud, uniq_grum
D:9:      serial_shops, nicolae_shop_competitors_out_of_business, uniq_erolcha,
          uniq_joseph, uniq_pikel
D:10:     dpeg_oklobed_lair, david_orc_1_choice
Lair:1:   beast_lair_carwin_3
Lair:2:   basic_altar, uniq_urug
Lair:3:   beast_lair_carwin_10
Lair:4:   spider_nest_entry_funnel_web, basic_altar
Lair:5:   serial_bayou_shore_b, uniq_nessos, uniq_rupert
Lair:6:   minmay_swamp_entry_reptiles, kennysheep_basilisk_garden
Lair:7:   portal_ice_cave_entry_imps, worms_lemuel, uniq_maud
Lair:8:   due_jungle_book, minmay_slime_entry_oklob_open
Orc:1:    serial_shops, nicolae_shop_trees, nicolae_shop_crystal, uniq_harold
Orc:2:    trog_butcher_becter, uniq_snorg
Orc:3:    lemuel_ogre_cave, serial_shops, nicolae_shop_behind_doors,
          nicolae_orc_pool_cavern
Orc:4:    st_orc_pillars, serial_shops, shop, mines1_david
IceCv:    ice_cave_small_demon

Action                   |  1- 3 |  4- 6 |  7- 9 | 10-12 | 13-15 || total
-------------------------+-------+-------+-------+-------+-------++-------
Melee: Unarmed           |   141 |   257 |   341 |  1300 |  2043 ||  4082
Throw: Javelin           |       |       |       |     2 |     2 ||     4
Invok: Heroism           |       |     4 |    13 |    27 |    50 ||    94
Evoke: Wand              |       |       |     2 |       |     7 ||     9
  Use: Scroll            |       |    14 |     5 |    10 |    15 ||    44
       Potion            |       |       |       |     2 |    11 ||    13
 Stab: Sleeping          |     1 |     7 |     6 |    22 |    22 ||    58
       Distracted        |       |     1 |     2 |     1 |     7 ||    11
       Invisible         |       |       |       |       |     4 ||     4
       Fleeing           |       |       |       |       |     1 ||     1
  Eat: Chunk             |       |     5 |     8 |    19 |    28 ||    60
       Bread ration      |       |     1 |       |       |     6 ||     7
       Fruit             |       |       |     2 |     9 |     8 ||    19
       Beef jerky        |       |       |       |     2 |     2 ||     4
       Royal jelly       |       |       |       |     1 |     2 ||     3
       Pizza             |       |       |       |     2 |       ||     2
